 Dungeon Crawl Stone Soup version 0.22.1-5-g62c59d919a (webtiles) character file.

186 Meegle the Firebug (level 5, 0/40 HPs)
             Began as a Hill Orc Fire Elementalist on Jan 12, 2019.
             Was an Initiate of the Shining One.
             Slain by a worker ant (8 damage)
             ... on level 4 of the Dungeon on Jan 13, 2019.
             The game lasted 01:07:53 (3895 turns).

Meegle the Firebug (Hill Orc Fire Elementalist)     Turns: 3895, Time: 01:07:53

Health: 0/40       AC:  2    Str: 11    XL:     5   Next: 66%
Magic:  4/8        EV: 12    Int: 15    God:    the Shining One [......]
Gold:   197        SH:  0    Dex: 12    Spells: 7/8 levels left

rFire    + . .     SeeInvis .   Z - staff of energy
rCold    . . .     Gourm    .   (no shield)
rNeg     . . .     Faith    .   F - +0 robe
rPois    .         Spirit   .   (no helmet)
rElec    .         Reflect  .   (no cloak)
rCorr    .         Harm     .   (no gloves)
MR       .....                  (no boots)
Stlth    +.........             (no amulet)
HPRegen  0.13/turn              l - ring of protection from fire
MPRegen  0.11/turn              X - +1 ring of slaying

@: lethally poisoned (0 -> -12), glowing
A: no striking features
a: Renounce Religion


You were on level 4 of the Dungeon.
You worshipped the Shining One.
The Shining One was noncommittal.
You were not hungry.

You visited 2 branches of the dungeon, and saw 5 of its levels.

You collected 197 gold pieces.

Inventory:

Hand Weapons
 d - a +0 dagger
 e - a +0 short sword
 h - a +0 hand axe
 k - a +0 club
 m - a +0 short sword
 p - a +0 dagger
 q - a +0 short sword
 s - a +0 club
 x - a +0 club
 y - a +0 whip
 B - a +0 club
 G - a +0 short sword
 I - a +0 dagger
 J - a +0 club
 K - a +0 club
 L - a +0 arbalest
 M - a +0 dagger of chaos
 N - a +0 dagger
 P - a +0 whip
 T - a +0 short sword
 U - a +0 hunting sling
Missiles
 b - 69 sling bullets
 i - 10 poisoned needles
 n - 42 stones (quivered)
 v - a throwing net
 C - 40 bolts
 R - 27 arrows
Armour
 a - a +0 robe
 F - a +0 robe (worn)
 V - a +0 scale mail
 Y - a +0 leather armour
Magical Staves
 Z - an uncursed staff of energy (weapon)
Jewellery
 l - a ring of protection from fire (left hand)
 X - a +1 ring of slaying (right hand)
Scrolls
 f - 2 scrolls of amnesia {unknown}
 r - a scroll of enchant weapon {unknown}
 t - a scroll of enchant armour {unknown}
 w - 5 scrolls of identify {unknown}
 E - a scroll of blinking {unknown}
 H - a scroll of magic mapping {unknown}
 S - a scroll of immolation {unknown}
 W - 2 scrolls of remove curse {unknown}
Potions
 j - 2 potions of haste {unknown}
 o - a potion of cancellation {unknown}
 u - a potion of might {unknown}
 z - 2 potions of curing {unknown}
 A - a potion of lignification {unknown}
 D - a potion of mutation {unknown}
 O - 2 potions of heal wounds {unknown}
 Q - a potion of invisibility {unknown}
Comestibles
 c - 5 rations


   Skills:
 + Level 1.4 Fighting
 + Level 1.9 Short Blades
 + Level 2.4 Dodging
 + Level 2.0 Stealth
 + Level 2.2 Spellcasting
 + Level 1.6 Conjurations
 + Level 4.3 Fire Magic


You had 7 spell levels left.
You knew the following spells:

 Your Spells              Type           Power        Failure   Level  Hunger
a - Flame Tongue          Conj/Fire      ##...        6%          1    None

Your spell library contained the following spells:

 Spells                   Type           Power        Failure   Level  Hunger
 Throw Flame              Conj/Fire      ##....       10%         2    None
 Conjure Flame            Conj/Fire      ##......     19%         3    None
 Inner Flame              Hex/Fire       #.......     26%         3    None
 Sticky Flame             Conj/Fire      ##......     54%         4    None
 Fireball                 Conj/Fire      ##........   87%         5    None


Dungeon Overview and Level Annotations

Branches:
Dungeon (4/15)             Temple (1/1) D:4

Altars:
Ashenzari
Dithmenos
Fedhas
Hepliaklqana
Kikubaaqudgha
Okawaru
Qazlal
Vehumet
Xom
Zin
The Shining One


Message History

Aim: a worker ant (heavily wounded)
The flame tongue misses the worker ant.
* * * LOW HITPOINT WARNING * * *
You feel sick. The worker ant barely misses you. x2
Casting: Flame Tongue (safe; 6% risk of failure)
Confirm with . or Enter, or press ? or * to list all spells.
Aiming: Flame Tongue (safe; 6% risk of failure)
Press: ? - help, Shift-Dir - straight line, f/p - worker ant
Aim: a worker ant (heavily wounded)
The flame tongue hits the worker ant.
The worker ant is severely wounded.
* * * LOW HITPOINT WARNING * * *
You feel sick. The worker ant bites you.
* * * LOW HITPOINT WARNING * * *
Unknown command.
You hit the worker ant but do no damage.
The worker ant is severely wounded.
* * * LOW HITPOINT WARNING * * *
You feel sick. The worker ant bites you!
You die...

#.#.....# #.######..#
#####...###.###........##
#................#.#####
#.####.#########.#.# #.#
#.#.# #.# #.#.# #.# #.#.#
#.# ##.#.# #.# #@a..# #.#
#............ ##.##
#....###.####
##.#.####.....## ..
#.###.......### #..
##.#.####.### # ##.## #.#
#.# #.# . #.# #.#


You could see a worker ant.

Vanquished Creatures
  A howler monkey (D:4)
  A gnoll (D:1)
  6 adders
  3 oozes
  A worm (D:2)
  A dart slug (D:1)
  3 leopard geckos
  An orc (D:3)
  A ball python (D:1)
  4 bats
  6 giant cockroaches
  10 goblins
  7 hobgoblins
  3 frilled lizards
  6 kobolds
  13 rats
67 creatures vanquished.

Notes
Turn   | Place    | Note
-------+----------+-------------------------------------------
     0 | D:1      | Meegle the Hill Orc Fire Elementalist began the quest for
                  | the Orb.
     0 | D:1      | Reached XP level 1. HP: 14/14 MP: 3/3
   168 | D:1      | Reached XP level 2. HP: 12/20 MP: 0/4
   557 | D:1      | Reached XP level 3. HP: 12/26 MP: 0/5
   818 | D:1      | Reached skill level 4 in Fire Magic
  1491 | D:2      | Reached XP level 4. HP: 28/34 MP: 4/7
  1681 | D:2      | Reached skill level 1 in Short Blades
  1938 | D:2      | Found a stormy altar of Qazlal.
  1940 | D:2      | Noticed an earth elemental
  1940 | D:2      | Noticed a fire elemental
  1941 | D:2      | Noticed an air elemental
  1941 | D:2      | Noticed a water elemental
  2291 | D:3      | Reached skill level 1 in Fighting
  2808 | D:3      | Reached XP level 5. HP: 40/40 MP: 3/8
  3214 | D:3      | Found a glowing golden altar of the Shining One.
  3228 | D:3      | Became a worshipper of the Shining One
  3308 | D:3      | Found a shimmering altar of Xom.
  3693 | D:4      | Found a staircase to the Ecumenical Temple.
  3708 | Temple   | Entered the Ecumenical Temple
  3895 | D:4      | Slain by a worker ant

Skill      XL: |  1  2  3  4  5 |
---------------+----------------+-----
Dodging        | 2 |  2.4
Spellcasting   | 2 |  2.2
Fire Magic     | 4 |  4.3
Short Blades   | 1 |  1.9
Fighting       | 1 |  1.4
Stealth        | 2 |  2.0
Conjurations   | |  1.6

Action                   |  1- 3 |  4- 6 || total
-------------------------+-------+-------++-------
Melee: Unarmed           |    10 |       ||    10
       Dagger            |     2 |    21 ||    23
       Short sword       |    80 |    44 ||   124
       Staff             |       |     7 ||     7
 Cast: Flame Tongue      |    28 |    44 ||    72
 Stab: Sleeping          |     1 |     1 ||     2
  Eat: Ration            |     1 |       ||     1
       Chunk             |       |     7 ||     7
Armor: Robe              |    15 |    12 ||    27
Dodge: Dodged            |    64 |    57 ||   121
